 Dungeon Crawl Stone Soup version 0.29.1 (webtiles) character file.

Game seed: 2097527169633751128

114 qw the Chopper (level 4, -2/28 HPs)
             Began as a Gargoyle Fighter on Sept 13, 2022.
             Killed from afar by a white imp (5 damage)
             ... with a puff of frost
             ... summoned by Eustachio
             ... on level 4 of the Dungeon.
             The game lasted 00:00:59 (2961 turns).

qw the Chopper (Gargoyle Fighter)                   Turns: 2961, Time: 00:00:59

Health: -2/28      AC: 13    Str: 21    XL:     4   Next: 97%
Magic:  4/4        EV:  7    Int:  9    God:
Gold:   103        SH:  4    Dex:  9    Spells: 3/3 levels left

rFire   . . .      SeeInvis .   Y - +0 war axe
rCold   . . .      Faith    .   c - +0 buckler
rNeg    + . .      Spirit   .   h - +0 chain mail
rPois   inf        Reflect  .   k - +0 helmet
rElec   +          Harm     .   (no cloak)
rCorr   .          Rampage  .   (no gloves)
Will    .....                   (no boots)
Stlth   ..........              (no amulet)
HPRegen 0.09/turn               (no ring)
MPRegen 0.09/turn               (no ring)

@: no status effects
A: sickness immunity, AC +3, negative energy resistance 1, electricity
resistance, torment resistance 1, petrification resistance
a: no special abilities


You were on level 4 of the Dungeon.
You visited 1 branch of the dungeon, and saw 4 of its levels.

You collected 103 gold pieces.


Innate Abilities, Weirdness & Mutations

You are immune to sickness and miasma.
Your stone body is resilient. (AC +3)
You are immune to poison.
You resist negative energy. (rN+)
You are resistant to electric shocks. (rElec)
You are resistant to unholy torment.
You are immune to petrification.


   Skills:
 - Level 3.2 Fighting
 + Level 4.5 Axes
 - Level 3.2 Armour
 - Level 3.2 Shields


You had 3 spell levels left.
You didn't know any spells.
Your spell library was empty.

Inventory:

Hand Weapons
 j - a +0 whip
 Y - a +0 war axe (weapon)
Armour
 c - a +0 buckler (worn)
 h - a +0 chain mail (worn)
 k - a +0 helmet (worn)
Scrolls
 a - a scroll of identify
Potions
 b - a potion of degeneration {unknown}
 d - a potion of might
 e - a potion of lignification {unknown}
 f - a potion of brilliance {unknown}
 g - a potion of curing {unknown}
 l - a potion of heal wounds {unknown}

Dungeon Overview and Level Annotations

Branches:
Dungeon (4/15)
 Temple: D:4-7

Altars:

Shops:
D:1 :

Annotations:
D:3 3 runed translucent doors, qw's ghost, amateur GrFi
D:4 Eustachio


Message History

The puff of frost hits you!
Eustachio mumbles some strange words.
Eustachio blinks!
An iguana comes into view.
You miss the quasit.
The quasit is almost dead.
The iguana hisses angrily.
You hit the white imp. The quasit bites you.
The quasit claws you but does no damage.
The quasit barely misses you.
The white imp hits you but does no damage.
The quasit barely misses you.
The quasit claws you but does no damage. x2
You miss the quasit.
The quasit is almost dead.
You barely miss the iguana. You barely miss the white imp.
The quasit barely misses you. x3
The white imp hits you but does no damage.
The iguana bites you but does no damage.
The quasit barely misses you. The quasit misses you.
The quasit closely misses you.
The white imp hits you but does no damage.
You miss the quasit.
The quasit is almost dead.
You hit the iguana but do no damage. You closely miss the white imp.
The iguana bites you!
The quasit bites you but does no damage.
You block the quasit's attack.
The quasit claws you but does no damage.
You block the white imp's attack.
The iguana bites you but does no damage.
The quasit bites you but does no damage.
The quasit claws you but does no damage. x2
You barely miss the quasit.
The quasit is almost dead.
You barely miss the white imp. You closely miss the iguana.
The white imp gestures at you. The puff of frost hits you.
You die...

# # .## ##. # #.#
...> .#..#
.....####.#.#
#.....#.#.######@
#<#.#.5......
#...l@55.....
###)#####.... #.#
# ..# ####


You could see Eustachio, an iguana, a quasit (summoned), a white imp (summoned)
and an ufetubus (summoned).

Vanquished Creatures
  5 adders
  A dart slug (D:1)
  7 bats
  5 endoplasms
  3 giant cockroaches
  7 goblins
  10 hobgoblins
  2 jackals (D:2)
  2 quokkas
  5 ball pythons
  3 frilled lizards
  4 kobolds
  8 rats
62 creatures vanquished.

Vanquished Creatures (others)
  2 plants (D:1)
2 creatures vanquished.

Grand Total: 64 creatures vanquished

Notes
Turn   | Place    | Note
-------+----------+-------------------------------------------
     0 | D:1      | qw the Gargoyle Fighter began the quest for the Orb.
     0 | D:1      | Reached XP level 1. HP: 14/14 MP: 1/1
     0 | D:1      | 0 ||| qw: Version: 0.1-a-119-g272c26d
     0 | D:1      | 0 ||| qw: Game counter: 11290
     0 | D:1      | 0 ||| qw: Always use a shield: true
     0 | D:1      | 0 ||| qw: God list: Okawaru
     0 | D:1      | 0 ||| qw: Allow faded altars: false
     0 | D:1      | 0 ||| qw: Do Orc after D:15 true
     0 | D:1      | 0 ||| qw: Do second Lair branch before Depths: true
     0 | D:1      | 0 ||| qw: Lair rune preference: random
     0 | D:1      | 0 ||| qw: Plans: Normal, Zot, God:TSO, Crypt, Tomb, Pan,
                  | Slime, Hells, Zig, Abyss, Orb
     0 | D:1      | 0 ||| PLANNING D:1-11
    21 | D:1      | Reached skill level 2 in Axes
    39 | D:1      | Found Tuitux's Book Emporium.
    89 | D:1      | Reached XP level 2. HP: 19/19 MP: 2/2
    99 | D:1      | 99 ||| Stepping ~*~*~tactically~*~*~ (stealth).
   103 | D:1      | 103 ||| Stepping ~*~*~tactically~*~*~ (stealth).
   254 | D:1      | Found a faded altar of an unknown god.
   305 | D:1      | Reached skill level 3 in Axes
   345 | D:1      | 345 ||| DROPPING +0 club.
   408 | D:1      | Reached XP level 3. HP: 23/23 MP: 3/3
   571 | D:1      | 571 ||| Stepping ~*~*~tactically~*~*~ (stealth).
   573 | D:1      | 573 ||| Stepping ~*~*~tactically~*~*~ (stealth).
   574 | D:1      | 574 ||| Stepping ~*~*~tactically~*~*~ (stealth).
   893 | D:1      | 893 ||| UPGRADING to +0 chain mail.
   903 | D:1      | 903 ||| DROPPING +0 scale mail.
   904 | D:1      | 904 ||| READING scroll labelled FAEZOA IFAS.
   905 | D:1      | 905 ||| READING scroll labelled SOUCEC HEISISY.
   909 | D:1      | 909 ||| READING scroll labelled JIGGOH QUGEMEO.
   910 | D:1      | 910 ||| READING scroll labelled WOLOUN LUYHA.
  1099 | D:2      | 1099 ||| FLEEEEING.
  1100 | D:2      | 1100 ||| Stepping ~*~*~tactically~*~*~ (stealth).
  1196 | D:2      | 1196 ||| Stepping ~*~*~tactically~*~*~ (stealth).
  1206 | D:2      | Reached XP level 4. HP: 28/28 MP: 4/4
  1372 | D:2      | Reached skill level 4 in Axes
  1820 | D:2      | 1820 ||| READING scroll labelled YKORHE HEASI.
  1821 | D:2      | 1821 ||| READING scroll labelled NIUSAXE JUOQ.
  1959 | D:3      | Noticed qw's ghost (amateur GrFi)
  1963 | D:3      | Found a runed translucent gate.
  1963 | D:3      | Found a runed translucent gate.
  1963 | D:3      | Found a runed translucent gate.
  1963 | D:3      | Noticed a kobold brigand
  2806 | D:3      | 2806 ||| UPGRADING to +0 helmet.
  2811 | D:3      | 2811 ||| DRINKING 2 yellow potions.
  2912 | D:3      | 2912 ||| DROPPING potion of ambrosia.
  2946 | D:4      | Noticed Eustachio
  2960 | D:4      | HP: 2/28 [iguana (8)]
  2961 | D:4      | Killed from afar by a white imp

Levels and vault maps discovered:
D:1:      minmay_arrival_plants_in_alcoves, layout_rooms,
          hellmonk_ecumenical_altar_arch_garden, serial_forest,
          infiniplex_forest_zigzag_1, infiniplex_forest_end_1,
          infiniplex_forest_clump_cross, infiniplex_forest_split, serial_shops,
          shop, grunt_decor_fettered
D:2:      layout_loops_ring
D:3:      layout_basic, gammafunk_ghost_split
D:4:      layout_loops_ring, amcnicky_altar_gilded, zin_treasury,
          okawaru_ov_weapons_minmay, mainiacjoe_overflow_catwalk,
          lemuel_tele_altar, uniq_eustachio, uniq_natasha

Skill      XL: |  1  2  3  4 |
---------------+-------------+-----
Axes           | 2 3 4 |  4.5
Fighting       | |  3.2
Armour         | |  3.2
Shields        | |  3.2

Action                   |  1- 3 |  4- 6 || total
-------------------------+-------+-------++-------
Melee: War axe           |   101 |    80 ||   181
  Use: Scroll            |     4 |     2 ||     6
       Potion            |       |     1 ||     1
Armor: Scale mail        |    47 |       ||    47
       Chain mail        |    21 |    65 ||    86
Dodge: Dodged            |    38 |    43 ||    81
Block: Buckler           |    27 |    15 ||    42

Table legend:
 A = Non-vault XP
 B = Vault XP
 C = Vault XP percentage of total XP
 D = Non-vault monster count
 E = Vault monster count
 F = Vault count percentage of total count
                 A         B        C        D         E       F
            +---------+---------+-------+---------+---------+-------
      Total |     163 |       0 |   0.0 |      62 |       0 |   0.0
            +---------+---------+-------+---------+---------+-------
        D:1 |      52 |       0 |   0.0 |      32 |       0 |   0.0
        D:2 |      59 |       0 |   0.0 |      19 |       0 |   0.0
        D:3 |      50 |       0 |   0.0 |      10 |       0 |   0.0
        D:4 |       2 |       0 |   0.0 |       1 |       0 |   0.0
            +---------+---------+-------+---------+---------+-------
